 Dungeon Crawl Stone Soup version 0.21-a0-348-ga060c75 (webtiles) character file.

639341 Ijustatesigmund the Slayer (level 27, -5/161 HPs)
             Began as a Vine Stalker Fighter on Oct 5, 2017.
             Was the Champion of Okawaru.
             Killed from afar by a black draconian (21 damage)
             ... with a bolt of lightning
             ... on level 2 of the Realm of Zot on Oct 6, 2017.
             The game lasted 04:39:10 (58894 turns).

Ijustatesigmund the Slayer (Vine Stalker Fighter)  Turns: 58894, Time: 04:39:11

Health: -5/161     AC: 41    Str: 25    XL:     27
Magic:  0/38       EV: 15    Int: 22    God:    Okawaru [******]
Gold:   3992       SH: 13    Dex: 24    Spells: 19/56 levels left

rFire    + + .     SeeInvis +   C - +9 quick blade (protect)
rCold    + . .     Gourm    .   Q - +0 buckler of Impatience {rN++ Int+4}
rNeg     + + .     Faith    .   x - +11 plate armour of Xooximam {Str+3}
rPois    +         Spirit   +   c - +2 hat {SInv}
rElec    .         Reflect  +   g - scarf {rC+ rF+}
rCorr    .         Harm     .   o - +3 pair of gauntlets of War {Slay+5}
MR       +++..                  i - +0 pair of boots "Cexiarir" {+Blink Int+5 Stlth+}
Stlth    +++++.....             n - +5 amulet of reflection
HPRegen  1.16/turn              Y - ring of Xawkeipn {*Contam rPois rF+ AC+3 Int+3}
MPRegen  0.26/turn              K - +4 ring of slaying

@: swift, studying Charms, quick
A: fangs 3, molten scales 1, clever 1, low mp 1, sense surroundings 1, poison
resistance, regeneration 2, magic shield, antimagic bite, no potion heal 3, rot
immunity
}: 3/15 runes: decaying, serpentine, silver
a: Heroism, Finesse, Renounce Religion, Evoke Blink


You were on level 2 of the Realm of Zot.
You worshipped Okawaru.
Okawaru was exalted by your worship.
You were very full.

You visited 13 branches of the dungeon, and saw 52 of its levels.
You visited 1 bazaar.
You visited 1 ziggurat, and saw 10 of its levels.
You also visited: Bailey and Ice Cave.

You collected 9262 gold pieces.
You spent 5270 gold pieces at shops.

Inventory:

Hand Weapons
 C - a +9 quick blade of protection (weapon)
Missiles
 G - 6 javelins of penetration (quivered)
Armour
 b - the +3 ring mail of Pantheism {rF+ Regen+ MP+9}
   (You found it on level 4 of the Snake Pit)

   It protects you from fire.
   It affects your magic capacity (+9).
   It increases your rate of regeneration.
 c - a +2 hat of see invisible (worn)
 g - a scarf of resistance (worn)
 i - the +0 pair of boots "Cexiarir" (worn) {+Blink Int+5 Stlth+}
   (Okawaru gifted it to you in an ice cave)

   It affects your intelligence (+5).
   It lets you blink.
   It makes you more stealthy.
 o - the +3 pair of gauntlets of War (worn) {Slay+5}
   (You acquired it on level 2 of the Snake Pit)

   It affects your accuracy and damage with ranged weapons and melee attacks
   (+5).
 x - the +11 plate armour of Xooximam (worn) {Str+3}
   (You found it on level 9 of a ziggurat)

   It affects your strength (+3).
 H - +2 fire dragon scales
 I - the +0 cloak of Tartarus {rF+ rC- Stlth+}
   (Okawaru gifted it to you on level 1 of the Lair of Beasts)

   It protects you from fire.
   It makes you vulnerable to cold.
   It makes you more stealthy.
 Q - the +0 buckler of Impatience (worn) {rN++ Int+4}
   (Okawaru gifted it to you on level 2 of the Elven Halls)

   It affects your intelligence (+4).
   It greatly protects you from negative energy.
 R - a +3 buckler of protection
 Z - a scarf of repulsion
Jewellery
 l - an uncursed ring of resist corrosion
 n - a +5 amulet of reflection (around neck)
 t - the ring "Kecvyziq" {Wiz rElec}
   (You found it on level 3 of the Crypt)

   [ring of wizardry]

   It improves your spell success rate.
   It insulates you from electricity.
 B - an uncursed amulet of regeneration
 K - a +4 ring of slaying (right hand)
 O - an uncursed ring of positive energy
 S - the ring "Plog" {rPois rC++}
   (You bought it in a shop in a bazaar)

   [ring of poison resistance]

   It greatly protects you from cold.
   It protects you from poison.
 T - the ring of Shadows {Umbra +Inv Stlth+}
   (You took it off a deep elf master archer on level 3 of the Elven Halls)

   [ring of stealth]

   It lets you turn invisible.
   It makes you more stealthy.
 V - the ring "Duit" {rF+ rC- MP+9 Str+3 Dex+4}
   (You bought it in a shop on level 2 of the Orcish Mines)

   [ring of strength]

   It affects your strength (+3).
   It affects your dexterity (+4).
   It protects you from fire.
   It makes you vulnerable to cold.
   It affects your magic capacity (+9).
 Y - the ring of Xawkeipn (left hand) {*Contam rPois rF+ AC+3 Int+3}
   (You found it on level 7 of a ziggurat)

   [ring of protection]

   It affects your AC (+3).
   It affects your intelligence (+3).
   It protects you from fire.
   It protects you from poison.
   It causes magical contamination when unequipped.
Wands
 p - a wand of digging (13/24)
 y - a wand of iceblast (12/15)
 U - a wand of acid (14/15)
Scrolls
 e - a scroll of holy word
 j - 13 scrolls of fog
 m - 6 scrolls of magic mapping
 q - 4 scrolls of fear
 w - 35 scrolls of remove curse
 D - a scroll of summoning
 F - 11 scrolls of teleportation
 J - 4 scrolls of identify
 L - 3 scrolls of silence
 N - 4 scrolls of blinking
 W - 6 scrolls of recharging
Potions
 a - a potion of invisibility
 d - 3 potions of might
 h - 6 potions of haste
 k - 2 potions of resistance
 s - 4 potions of agility
 v - 14 potions of curing
 z - 9 potions of brilliance
 A - a potion of cancellation
 E - a potion of berserk rage
 M - 4 potions of magic
 P - 11 potions of flight
Books
 u - a manual of Charms
Miscellaneous
 X - 6 phantom mirrors
Comestibles
 f - 34 bread rations
 r - 35 meat rations


   Skills:
 - Level 22.2 Fighting
 - Level 15.7 Short Blades
 - Level 6.7 Throwing
 - Level 15.1 Armour
 - Level 9.5 Dodging
 - Level 19.6 Stealth
 - Level 10.2 Shields
 - Level 15.1 Spellcasting
 - Level 6.1 Conjurations
 - Level 4.9 Hexes
 - Level 12.7 Charms
 - Level 7.6 Summonings
 - Level 7.3 Necromancy
 - Level 9.5 Translocations
 - Level 5.0 Transmutations
 - Level 6.0 Fire Magic
 - Level 5.0 Ice Magic
 - Level 4.8 Air Magic
 - Level 5.0 Earth Magic
 - Level 18.4 Invocations
 + Level 7.3 Evocations


You had 19 spell levels left.
You knew the following spells:

 Your Spells              Type           Power        Failure   Level  Hunger
a - Blink                 Tloc           N/A          1%          2    None
b - Apportation           Tloc           ######       1%          1    None
c - Summon Butterflies    Summ           ######..     1%          1    None
d - Passwall              Tmut/Erth      #####.....   4%          2    None
e - Swiftness             Chrm/Air       ######..     1%          2    None
f - Ozocubu's Armour      Chrm/Ice       ######..     1%          3    None
g - Portal Projectile     Hex/Tloc       #####.       4%          3    None
h - Passage of Golubria   Tloc           N/A          4%          4    None
i - Mephitic Cloud        Conj/Pois/Air  ####....     17%         3    None
j - Ignite Poison         Fire/Tmut/Pois ####....     17%         3    None
k - Conjure Flame         Conj/Fire      #####...     6%          3    None
l - Lesser Beckoning      Tloc           ######....   1%          3    None
m - Regeneration          Chrm/Necr      ######....   1%          3    None
n - Animate Dead          Necr           N/A          12%         4    None


Dungeon Overview and Level Annotations

Branches:
Dungeon (15/15)            Temple (1/1) D:6            Lair (6/6) D:8
  Swamp (4/4) Lair:3        Snake (4/4) Lair:4        Slime (0/5) Lair:6
    Orc (2/2) D:12            Elf (3/3) Orc:2        Vaults (5/5) D:14
  Crypt (3/3) Vaults:3       Tomb (1/3) Crypt:3      Depths (5/5) D:15
   Hell (1/1)                 Zot (2/5) Depths:5
    Dis: Hell:1         Geh: Hell:1         Coc: Hell:1         Tar: Hell:1

Altars:
Ashenzari
Cheibriados
Dithmenos
Elyvilon
Fedhas
Gozag
Hepliaklqana
Kikubaaqudgha
Makhleb
Nemelex Xobeh
Okawaru
Qazlal
Ru
Sif Muna
Trog
Uskayaw
Vehumet
Wu Jian
Xom
Yredelemnul
Zin
The Shining One

Shops:
D:4 %   D:5 %   D:8 =   Orc:2 (=%(}   Elf:2 =   Snake:3 (?[!   Snake:4 !
Vaults:3 *   Vaults:5 !   Depths:1 *   Depths:2 *[!%

Portals:
Hell: Depths:1 Depths:2 Depths:3 Depths:4 Depths:5
Abyss: Depths:1 Depths:4
Pandemonium: Depths:3 Depths:4
Trove: Depths:1 (give +7 demon blade)

Annotations:
Depths:3 3 runed doors


Innate Abilities, Weirdness & Mutations

You have razor-sharp teeth.
You heal very quickly.
When hurt, damage is shared between your health and your magic reserves.
Your bite disrupts and absorbs the magic of your enemies.
Potions cannot restore your health.
You are immune to rotting.
You are partially covered in molten scales. (AC +2)
Your mind is acute. (Int +2)
Your magical capacity is low. (-10% MP)
You passively map a small area around you.
Your system is resistant to poisons. (rPois)


Message History

You feel quick.
The white draconian breathes frost at you.
The chilling blast misses you.
A black draconian comes into view. It is wielding a mace.
The black draconian breathes lightning at you.
The bolt of lightning hits you!
* * * LOW HITPOINT WARNING * * *
You block the black draconian's attack.
There is a stone staircase leading up here.
The black draconian breathes lightning at you.
The bolt of lightning hits the black draconian.
The black draconian completely resists.
The bolt of lightning hits you!
* * * LOW HITPOINT WARNING * * *
The bolt of lightning hits you!
* * * LOW HITPOINT WARNING * * *
The black draconian breathes lightning at you.
The bolt of lightning hits you!
* * * LOW HITPOINT WARNING * * *
The bolt of lightning hits you!
You die...

##...## * #########
##...## #.......##
##...## #........##
##...## * *
#######...##
##...## ** ##...##
##[..# , ##...##
##.)..
##############
##...###))...
##.....dqd.d.@##
##...#...##. *
#..).[†........##
##.....####
#.d.#####..###.<.##
##.).## # #... #..#
##...## ##...# #
....* #..# ##...##
##/.# # ... #..#
##...## #..# # ..*
..>.* ##...# #..# #
. >..... ##..# #..#
# ...... #..# #..#
#


You could see 2 draconians, a white draconian and a green draconian stormcaller.

Vanquished Creatures
  2 pandemonium lords (Zig:9)
  3 ancient liches
  An orb of fire (Zot:1)
  2 juggernauts
  Sojobo (Crypt:1)
  A greater mummy (Tomb:1)
  Frederick (Depths:3)
  the Lernaean hydra (Swamp:4)
  Bai Suzhen (Elf:3)
  The ghost of p0werm0de the Hoplite, a veteran MiCK of Xom (Tomb:1)
  6 Killer Klowns
  3 caustic shrikes (Depths:4)
  Geryon (Hell)
  Nikola (Elf:2)
  2 curse toes
  6 golden dragons
  A bone dragon (Crypt:3)
  An electric golem (Zot:1)
  7 tentacled monstrosities
  Jorgrun (Vaults:4)
  A Brimstone Fiend (Depths:3)
  An Ice Fiend (Depths:3)
  Rupert (D:12)
  7 liches
  10 titans
  2 deep elf blademasters (Elf:3)
  2 deep elf master archers (Elf:3)
  Frances (D:12)
  3 quicksilver dragons
  2 sphinxes (shapeshifter)
  3 death cobs
  3 ancient champions (Crypt:2)
  11 sphinxes
  8 tengu reavers
  Roxanne (Elf:3)
  3 thorn hunters
  9 storm dragons
  6 shadow dragons
  4 nagarajas (Snake:4)
  A draconian monk (Zig:4)
  A fire giant (shapeshifter) (Zig:7)
  An azure jelly (shapeshifter) (Zig:6)
  The ghost of p0werm0de the Martial Artist, an adept OpAM of Ashenzari (Snake:3)
  2 draconian knights (Zot:2)
  2 revenants
  An iron dragon (Depths:4)
  17 fire giants
  3 deep elf sorcerers
  3 draconian scorchers
  17 frost giants
  12 vault wardens
  3 deep elf elementalists
  2 balrugs (Depths:3)
  4 orc warlords
  Aizul (Vaults:3)
  3 ghouls
  A draconian annihilator (Zig:4)
  4 draconian stormcallers
  A large abomination (Vaults:5)
  A curse skull (Crypt:2)
  A spriggan defender (Depths:5)
  24 very ugly things
  14 ironheart preservers
  2 bennus (Tomb:1)
  A reaper (Hell)
  28 stone giants
  7 war gargoyles
  9 deep elf demonologists
  5 green draconians
  An entropy weaver (Vaults:1)
  5 dire elephants (Depths:3)
  6 vampire knights
  Azrael (D:13)
  A lorocyproca (Hell)
  2 white draconians
  3 black draconians
  2 eidola
  3 yellow draconians
  A spark wasp (shapeshifter) (Depths:1)
  4 purple draconians (Zot:1)
  6 deep elf annihilators
  2 red draconians
  4 spark wasps (Depths:4)
  9 deep elf death magi
  6 fire dragons
  2 blizzard demons (Depths:3)
  3 crystal guardians (Crypt:3)
  23 ettins
  15 jiangshi
  Snorg (D:13)
  A quicksilver dragon zombie (Crypt:2)
  Josephine (D:13)
  5 deep elf high priests
  7 great orbs of eyes
  A mummy priest (Zig:1)
  36 vault guards
  15 hydras
  16 yaktaur captains
  12 naga warriors
  6 rakshasas
  The ghost of Syneil the Cleaver, a journeyman DsBe of Trog (D:11)
  Fannar (D:11)
  A quicksilver dragon skeleton (Crypt:2)
  A catoblepas (shapeshifter) (D:15)
  5 ice dragons
  6 spriggan air magi
  A merfolk avatar (Zig:3)
  4 death knights
  10 centaur warriors
  5 alligators
  12 anacondas
  50 two-headed ogres
  6 deep troll earth magi
  9 shock serpents
  5 vampire magi
  9 death scarabs (Tomb:1)
  17 ogre magi
  11 deep troll shamans
  5 tengu warriors
  6 spriggan berserkers
  27 dancing weapons
  A shock serpent (shapeshifter) (Zig:9)
  23 naga sharpshooters
  3 titan skeletons
  An orc high priest (Depths:2)
  18 hell knights
  2 titan zombies
  An iron troll (shapeshifter) (Zig:9)
  3 soul eaters
  17 deep elf knights
  8 sun demons
  A fire crab (Lair:6)
  2 shadow wraiths
  47 skeletal warriors
  A deep troll (shapeshifter) (Depths:1)
  3 golden dragon zombies
  A small abomination (Elf:3)
  2 ghost moth zombies
  4 salamander mystics
  A death drake (shapeshifter) (Vaults:5)
  A torturous demonspawn (Depths:4)
  9 iron trolls
  2 spriggan druids
  8 swamp dragons
  13 deep elf archers
  37 deep trolls
  8 flayed ghosts
  A glowing orange brain (shapeshifter) (Depths:1)
  7 naga ritualists
  15 necromancers
  5 glowing orange brains
  3 shadow dragon zombies
  5 wizards
  Pikel (D:9)
  16 ironbrand convokers
  An obsidian statue (Depths:3)
  9 mana vipers
  2 shambling mangroves (Swamp:3)
  A tengu zombie (Zig:10)
  4 phantasmal warriors
  10 orc knights
  59 deep elf magi
  A harpy (Vaults:4)
  2 wolf spider zombies
  40 ugly things
  6 wolf spiders
  4 orc sorcerers
  2 tengu skeletons
  2 stone giant zombies
  2 frost giant zombies
  7 oklob plants
  19 salamanders
  3 manticores
  A fire giant zombie (Zig:10)
  A salamander (shapeshifter) (Vaults:2)
  A cyclops (shapeshifter) (Vaults:1)
  7 cyclopes
  14 moths of wrath
  2 guardian serpents
  A dire elephant zombie (Crypt:2)
  12 vault sentinels
  36 black mambas
  A moth of wrath (shapeshifter) (Zig:9)
  2 ice statues (IceCv)
  3 frost giant skeletons
  23 naga magi
  2 human skeletons (Vaults:4)
  A black mamba (shapeshifter) (Depths:2)
  An apocalypse crab (Zig:6)
  An elephant (shapeshifter) (Vaults:4)
  2 storm dragon simulacra
  A water nymph (Zig:3)
  An emperor scorpion zombie (Crypt:3)
  Psyche (D:8)
  An orange demon (Depths:4)
  14 spiny frogs
  2 dire elephant skeletons
  3 rime drakes
  8 komodo dragons
  2 hellions
  10 freezing wraiths
  A kobold demonologist (D:11)
  3 efreet
  62 yaktaurs
  2 catoblepas zombies
  6 ice devils (Depths:3)
  4 tormentors
  2 elves (Depths:2)
  A red devil (Depths:4)
  10 trolls
  8 guardian mummies
  A grey draconian skeleton (Crypt:2)
  2 hydra zombies (Crypt:2)
  A harpy zombie (Crypt:1)
  4 merfolk (Zig:3)
  A green draconian skeleton (Crypt:1)
  5 elf skeletons (Zig:10)
  4 tengu conjurers
  A shadow dragon simulacrum (Depths:3)
  2 hornets (shapeshifter)
  24 hornets
  2 tyrant leeches
  18 polar bears
  A tengu simulacrum (Depths:3)
  A snapping turtle (shapeshifter) (Vaults:5)
  Prince Ribbit (D:6)
  A dream sheep (Lair:6)
  A dream sheep (shapeshifter) (Zig:5)
  27 slime creatures
  17 bog bodies
  A meliai zombie (D:12)
  A slime creature (shapeshifter) (Zig:5)
  An ettin zombie (Crypt:2)
  A tyrant leech (shapeshifter) (Vaults:5)
  An iron dragon simulacrum (Crypt:1)
  11 blink frogs
  7 hippogriffs
  A frost giant simulacrum (Vaults:4)
  4 redbacks (Vaults:1)
  2 vampires (Depths:2)
  2 redbacks (shapeshifter)
  Sigmund (D:6)
  An alligator skeleton (Crypt:2)
  7 shadows
  2 water elementals
  An air elemental (Elf:3)
  13 wraiths
  22 spriggans
  2 ettin skeletons (Crypt:3)
  60 flying skulls
  3 wyverns
  4 fire elementals
  63 yaks
  A ynoxinul (Depths:4)
  A fire bat (shapeshifter) (Depths:2)
  3 humans
  A steam dragon (D:11)
  7 basilisks
  A tyrant leech zombie (Crypt:1)
  3 hungry ghosts
  16 vampire mosquitoes
  2 chaos spawn (Zig:7)
  An acid dragon (Vaults:2)
  7 insubstantial wisps
  17 swamp worms
  6 wargs
  A spiny frog zombie (Crypt:3)
  50 nagas
  A hydra simulacrum (Crypt:2)
  A glowing shapeshifter zombie (Crypt:2)
  A soldier ant (D:9)
  10 porcupines
  13 water moccasins
  5 hell hounds
  A gelid demonspawn skeleton (Crypt:2)
  47 orc warriors
  11 swamp drakes
  2 sky beasts (D:6)
  2 ice beasts
  A swamp dragon zombie (Crypt:2)
  6 black bears
  12 necrophages
  28 boggarts
  39 ogres
  3 phantoms
  A manticore skeleton (Tomb:1)
  A tengu (shapeshifter) (D:15)
  43 centaurs
  42 wolves
  9 crocodiles
  2 big kobolds
  11 bullfrogs
  A rime drake skeleton (Crypt:2)
  An earth elemental (Elf:2)
  A glowing shapeshifter simulacrum (Depths:3)
  A yaktaur skeleton (Crypt:2)
  A gnoll sergeant (D:10)
  A warg zombie (Crypt:1)
  4 scorpions
  4 killer bees (D:9)
  2 spectral wolves (Depths:2)
  A yak skeleton (Crypt:2)
  21 wights
  An electric eel (D:8)
  A howler monkey (D:9)
  7 crimson imps
  7 centaur zombies
  2 quasits
  2 bullfrog zombies
  2 iron imps
  3 centaur skeletons
  A gnoll shaman (D:7)
  4 hounds
  10 orc priests
  5 jellies
  8 bullfrog skeletons
  3 iguanas
  29 orc wizards
  2 hell rats (Lair:4)
  8 worker ants
  A hound skeleton (D:4)
  10 mummies
  Robin (D:3)
  10 adders
  17 gnolls
  12 river rats (Lair:4)
  A river rat (shapeshifter) (Depths:1)
  4 shadow imps
  A steam dragon skeleton (Crypt:2)
  A white imp (Depths:4)
  2 ufetubi (Depths:4)
  An ooze (shapeshifter) (Vaults:5)
  An ooze (D:3)
  A worm zombie (Crypt:1)
  A worm (D:5)
  A dart slug (D:1)
  3 leopard geckos
  88 orcs
  4 bats
  3 giant cockroaches (D:3)
  10 goblins
  7 hobgoblins
  4 jackals (D:2)
  8 quokkas
  2 ball pythons
  3 frilled lizards
  A goblin skeleton (Crypt:1)
  A jackal zombie (D:8)
  23 kobolds
  An orc zombie (Crypt:2)
  3 quokka skeletons
  A quokka zombie (D:5)
  8 rats
  3 crawling corpses (Vaults:5)
2487 creatures vanquished.

Vanquished Creatures (others)
  A draconian stormcaller (Zot:1)
  A deep elf demonologist (Elf:3)
  A rakshasa (Depths:1)
  2 centaur warriors
  Sonja (Lair:2)
  An iron troll (Depths:2)
  A deep elf archer (Elf:1)
  A deep elf mage (Elf:2)
  An ugly thing (Depths:3)
  3 yaktaurs
  2 orc warriors
  A swamp drake (Swamp:4)
  A necrophage (Crypt:3)
  A slave (D:9)
  5 centaurs
  2 ogres
  A boggart (D:15)
  4 orcs
  2 kobolds
  A crawling corpse (Vaults:5)
  5 fungi (Swamp:4)
  6 plants
  5 toadstools (Swamp:2)
49 creatures vanquished.

Grand Total: 2536 creatures vanquished

Notes
Turn   | Place    | Note
-------+----------+-------------------------------------------
     0 | D:1      | Ijustatesigmund the Vine Stalker Fighter began the quest for the Orb.
     0 | D:1      | Reached XP level 1. HP: 11/11 MP: 2/2
   255 | D:1      | Gained mutation: You have a pair of small horns on your head. [potion of mutation]
   255 | D:1      | Gained mutation: You tend to lose your temper in combat. [potion of mutation]
   255 | D:1      | Gained mutation: Your muscles are strong. (Str +2) [potion of mutation]
   273 | D:1      | Reached skill level 1 in Stealth
   603 | D:1      | Reached XP level 2. HP: 16/16 MP: 3/3
   791 | D:2      | Reached XP level 3. HP: 19/19 MP: 4/4
   970 | D:2      | Found a bloodstained altar of Trog.
  1171 | D:2      | Found a faded altar of an unknown god.
  1171 | D:2      | Found a shattered altar of Ashenzari.
  1189 | D:2      | Found a snail-covered altar of Cheibriados.
  1192 | D:2      | Found a faded altar of an unknown god.
  1196 | D:2      | Found a radiant altar of Vehumet.
  1422 | D:3      | Gained mutation: Your natural rate of healing is unusually fast. [Vine Stalker growth]
  1422 | D:3      | Reached XP level 4. HP: 18/23 MP: 5/5
  1531 | D:3      | Reached skill level 5 in Stealth
  1550 | D:3      | Found a white marble altar of Elyvilon.
  1620 | D:3      | Noticed Robin
  1637 | D:3      | Killed Robin
  1867 | D:3      | Reached XP level 5. HP: 27/27 MP: 6/6
  2164 | D:4      | Reached skill level 3 in Fighting
  2232 | D:4      | Noticed an ogre
  2242 | D:4      | Killed an ogre
  2242 | D:4      | Reached XP level 6. HP: 26/32 MP: 4/7
  2349 | D:4      | Found Poenuf's Food Emporium.
  2504 | D:4      | Reached skill level 1 in Dodging
  2747 | D:5      | Entered Level 5 of the Dungeon
  2775 | D:5      | Reached XP level 7. HP: 34/36 MP: 6/8
  3093 | D:5      | Found Qawapran's Food Boutique.
  3246 | D:6      | Noticed Sigmund
  3247 | D:6      | Killed Sigmund
  3247 | D:6      | Reached skill level 4 in Fighting
  3276 | D:6      | Gained mutation: You have razor-sharp teeth. [Vine Stalker growth]
  3276 | D:6      | Reached XP level 8. HP: 37/42 MP: 9/9
  3337 | D:6      | Reached skill level 5 in Short Blades
  3385 | D:6      | Found a staircase to the Ecumenical Temple.
  3398 | Temple   | Entered the Ecumenical Temple
  3514 | Temple   | Became a worshipper of Warmaster Okawaru
  3691 | D:6      | Gained mutation: You evolve. [mutagenic meat]
  3692 | D:6      | Lost mutation: You have a pair of small horns on your head. [mutagenic meat]
  3693 | D:6      | Gained mutation: You are surrounded by a mild repulsion field. (EV +2) [mutagenic meat]
  3694 | D:6      | Gained mutation: You are clumsy. (Dex -2) [mutagenic meat]
  3695 | D:6      | Gained mutation: You have a pair of small antennae on your head. [mutagenic meat]
  3814 | D:6      | Found a glowing golden altar of the Shining One.
  3908 | D:6      | Noticed Prince Ribbit
  3931 | D:6      | Killed Prince Ribbit
  4575 | D:7      | Reached * piety under Okawaru
  4575 | D:7      | Reached XP level 9. HP: 23/46 MP: 10/10
  4650 | D:7      | Found a sacrificial altar of Ru.
  4774 | D:7      | Reached skill level 5 in Fighting
  4862 | D:7      | Found a sacrificial altar of Ru.
  5183 | D:7      | Gained mutation: Your muscles are very strong. (Str +4) [evolution]
  5192 | D:7      | Reached skill level 1 in Invocations
  5819 | D:8      | Found a staircase to the Lair.
  5900 | D:8      | Noticed Psyche
  5906 | D:8      | Paralysed by Psyche for 2 turns
  5916 | D:8      | Killed Psyche
  5916 | D:8      | Reached ** piety under Okawaru
  5934 | D:8      | Gained mutation: You can translocate small distances at will. [evolution]
  6084 | D:8      | Reached XP level 10. HP: 53/53 MP: 13/13
  6166 | D:8      | Found Yhogo's Jewellery Shoppe.
  6362 | D:9      | Upgraded the game from 0.21-a0-346-g330ab2c to 0.21-a0-348-ga060c75
  6381 | D:9      | Reached *** piety under Okawaru
  6381 | D:9      | Reached skill level 6 in Fighting
  6382 | D:9      | Found a hazy altar of Hepliaklqana.
  6411 | D:9      | Found a shimmering altar of Xom.
  6411 | D:9      | Noticed a thorn hunter
  6414 | D:9      | Noticed a thorn hunter
  6414 | D:9      | Noticed a spectral ugly thing
  6568 | D:9      | Noticed a two-headed ogre
  6590 | D:9      | Killed a two-headed ogre
  6708 | D:9      | Reached skill level 5 in Dodging
  6772 | D:9      | Noticed Pikel
  6789 | D:9      | Killed Pikel
  6845 | D:9      | Reached **** piety under Okawaru
  6911 | D:9      | Found an ancient bone altar of Kikubaaqudgha.
  7039 | D:9      | Noticed a two-headed ogre
  7060 | D:10     | Entered Level 10 of the Dungeon
  7100 | D:10     | Lost mutation: You are clumsy. (Dex -2) [potion of mutation]
  7100 | D:10     | Lost mutation: You can translocate small distances at will. [potion of mutation]
  7100 | D:10     | Lost mutation: You evolve. [potion of mutation]
  7100 | D:10     | Lost mutation: Your muscles are very strong. (Str +4) [potion of mutation]
  7100 | D:10     | Gained mutation: You are partially covered in molten scales. (AC +2) [potion of mutation]
  7114 | D:9      | Killed a two-headed ogre
  7114 | D:9      | Reached skill level 5 in Invocations
  7114 | D:9      | Reached XP level 11. HP: 32/58 MP: 12/15
  7390 | D:10     | Noticed a two-headed ogre
  7404 | D:10     | Killed a two-headed ogre
  7404 | D:10     | Reached ***** piety under Okawaru
  7404 | D:10     | Received a gift from Okawaru
  7404 | D:10     | Reached skill level 7 in Fighting
  7441 | D:10     | Noticed a brown ugly thing
  7490 | D:10     | Killed a brown ugly thing
  8497 | D:11     | Noticed a cyclops
  8508 | D:11     | Killed a cyclops
  8530 | D:11     | Found an iron altar of Okawaru.
  8699 | D:11     | Reached skill level 10 in Short Blades
  8764 | D:11     | Noticed a red ugly thing
  8779 | D:11     | Killed a red ugly thing
  8962 | D:11     | Reached skill level 5 in Shields
  9025 | D:11     | Noticed Fannar
  9033 | D:11     | Killed Fannar
  9076 | D:11     | Noticed Syneil's ghost (journeyman DsBe)
  9101 | D:11     | Gained mutation: You heal very quickly. [Vine Stalker growth]
  9101 | D:11     | Reached XP level 12. HP: 60/64 MP: 17/17
  9126 | D:11     | Killed Syneil's ghost
  9126 | D:11     | Reached skill level 8 in Fighting
  9769 | D:12     | Received a gift from Okawaru
  9772 | D:12     | Got a smoking longbow {god gift}
  9773 | D:12     | Identified the +8 longbow of a Spat {freeze, SInv Stlth+} (Okawaru gifted it to you on level 12 of the Dungeon)
  9971 | D:12     | Got a twisted quarterstaff
 10327 | D:12     | Learned a level 2 spell: Blink
 10429 | D:12     | Noticed Frances
 10542 | D:12     | Reached skill level 1 in Translocations
 10621 | D:12     | Found a staircase to the Orcish Mines.
 11013 | D:12     | Reached skill level 9 in Fighting
 11026 | D:12     | Received a gift from Okawaru
 11112 | D:12     | Killed Frances
 11139 | D:12     | Reached XP level 13. HP: 70/70 MP: 20/20
 11290 | D:13     | Noticed Rupert
 11290 | D:13     | Noticed Snorg
 11436 | Lair:1   | Entered Level 1 of the Lair of Beasts
 11445 | Lair:1   | Learned a level 1 spell: Apportation
 11549 | Lair:1   | Found the +2 Maxwell's thermic engine {flame, freeze, rF- rC-}
 11562 | Lair:1   | Identified a scroll of acquirement
 11620 | Lair:1   | Received a gift from Okawaru
 11623 | Lair:1   | Got a spiked cloak {god gift}
 11629 | Lair:1   | Identified the +0 cloak of Tartarus {rF+ rC- Stlth+} (Okawaru gifted it to you on level 1 of the Lair of Beasts)
 11688 | Lair:1   | Found a bloodstained altar of Trog.
 11883 | Lair:1   | Reached skill level 5 in Translocations
 12212 | Lair:2   | Noticed Sonja
 12238 | Lair:2   | Killed Sonja
 12608 | Lair:2   | Reached skill level 10 in Stealth
 13424 | Lair:3   | Found a staircase to the Swamp.
 13548 | Lair:3   | Reached skill level 1 in Spellcasting
 14267 | Lair:4   | Found a staircase to the Snake Pit.
 14828 | Lair:5   | Found a frozen archway.
 14849 | IceCv    | Entered an ice cave
 14863 | IceCv    | Received a gift from Okawaru
 14880 | IceCv    | Reached skill level 10 in Fighting
 14903 | IceCv    | Got a pair of steaming boots {god gift}
 14909 | IceCv    | Identified the +0 pair of boots "Cexiarir" {+Blink Int+5 Stlth+} (Okawaru gifted it to you in an ice cave)
 15059 | IceCv    | Reached XP level 14. HP: 77/77 MP: 21/21
 15201 | IceCv    | Reached skill level 5 in Spellcasting
 15237 | IceCv    | Noticed a frost giant
 15268 | IceCv    | Killed a frost giant
 16212 | Lair:6   | Entered Level 6 of the Lair of Beasts
 16298 | Lair:6   | Reached skill level 11 in Fighting
 16693 | Lair:6   | Received a gift from Okawaru
 16822 | Lair:6   | Got a bloodstained longbow
 16900 | Lair:6   | Identified the +7 longbow of Winter {freeze, *Slow rPois rN+} (You found it on level 6 of the Lair of Beasts)
 17086 | Lair:6   | Found a staircase to the Slime Pits.
 17394 | Lair:6   | HP: 1/79 [acid (11)]
 17524 | Lair:6   | Received a gift from Okawaru
 17524 | Lair:6   | Reached skill level 12 in Fighting
 17913 | D:13     | Noticed Azrael
 17958 | D:13     | Killed Azrael
 17971 | D:13     | Reached XP level 15. HP: 67/84 MP: 24/24
 18115 | D:12     | Killed Rupert
 18267 | D:13     | Killed Snorg
 18273 | D:13     | Reached skill level 5 in Armour
 18454 | D:13     | Noticed Josephine
 18475 | D:13     | Killed Josephine
 18997 | D:13     | Found a hazy altar of Hepliaklqana.
 19462 | D:14     | Received a gift from Okawaru
 19548 | D:14     | Found a gate to the Vaults.
 19556 | D:14     | Received a gift from Okawaru
 19588 | D:14     | Got a dazzling ring mail {god gift}
 19594 | D:14     | Identified the +2 ring mail of Okawaru's Scorn {rPois MR- Regen+ Int-5} (Okawaru gifted it to you on level 14 of the Dungeon)
 20042 | D:15     | Entered Level 15 of the Dungeon
 20272 | D:15     | Found a staircase to the Depths.
 20584 | D:15     | Reached XP level 16. HP: 88/88 MP: 25/25
 20655 | D:15     | Received a gift from Okawaru
 21061 | Orc:1    | Entered Level 1 of the Orcish Mines
 21065 | Orc:1    | Found a flagged portal.
 21131 | Bailey   | Entered a bailey
 21338 | Bailey   | Found a burning altar of Makhleb.
 21917 | Orc:2    | Entered Level 2 of the Orcish Mines
 21981 | Orc:2    | Found Vaot's Antique Weapon Boutique.
 22439 | Orc:2    | Found Saexom's Food Shop.
 22439 | Orc:2    | Found Apeptodgh's Antique Weapon Shoppe.
 22441 | Orc:2    | Found Ostru's Gadget Emporium.
 22443 | Orc:2    | Found Zegutz's Jewellery Boutique.
 22449 | Orc:2    | Bought an encrusted arbalest for 275 gold pieces
 22458 | Orc:2    | Identified the +9 arbalest "Iddutojioz" {flame, *Contam +Blink rElec Str+4} (You bought it in a shop on level 2 of the Orcish Mines)
 22484 | Orc:2    | Gained mutation: You are dopey. (Int -2) [mutagenic glow]
 22865 | Orc:2    | Found a staircase to the Elven Halls.
 23020 | Orc:2    | Bought the ring "Duit" {rF+ rC- MP+9 Str+3 Dex+4} for 500 gold pieces
 23288 | Swamp:1  | Entered Level 1 of the Swamp
 23505 | Swamp:1  | Received a gift from Okawaru
 23562 | Swamp:1  | Reached skill level 10 in Invocations
 23880 | Swamp:2  | Noticed a thorn hunter
 23899 | Swamp:2  | Killed a thorn hunter
 24049 | Swamp:2  | Got an ancient ring mail
 24060 | Swamp:2  | Identified the +7 ring mail of Xejuf {*Drain +Inv MR++ Stlth+} (You found it on level 2 of the Swamp)
 24073 | Swamp:2  | Noticed a thorn hunter
 24091 | Swamp:2  | Killed a thorn hunter
 24467 | Swamp:2  | Learned a level 1 spell: Summon Butterflies
 24734 | Swamp:3  | Reached skill level 1 in Summonings
 24802 | Swamp:3  | Reached ****** piety under Okawaru
 25471 | Swamp:3  | Received a gift from Okawaru
 25492 | Swamp:3  | Reached XP level 17. HP: 93/93 MP: 31/31
 25747 | Swamp:4  | Entered Level 4 of the Swamp
 26103 | Swamp:4  | Received a gift from Okawaru
 26139 | Swamp:4  | Reached skill level 5 in Summonings
 26151 | Swamp:4  | Reached skill level 10 in Spellcasting
 26364 | Swamp:4  | Lost mutation: You are dopey. (Int -2) [potion of mutation]
 26364 | Swamp:4  | Lost mutation: You are surrounded by a mild repulsion field. (EV +2) [potion of mutation]
 26364 | Swamp:4  | Gained mutation: You can translocate small distances at will. [potion of mutation]
 26364 | Swamp:4  | Gained mutation: You are resistant to hostile enchantments. (MR+) [potion of mutation]
 26418 | Swamp:4  | Noticed the 27-headed Lernaean hydra
 26426 | Swamp:4  | Killed the 23-headed Lernaean hydra
 26435 | Swamp:4  | Got a decaying rune of Zot
 26442 | Swamp:4  | Learned a level 2 spell: Passwall
 27024 | Vaults:1 | Entered Level 1 of the Vaults
 27249 | Vaults:1 | Noticed a sphinx
 27270 | Vaults:1 | Killed a sphinx
 27275 | Vaults:1 | Received a gift from Okawaru
 28053 | Vaults:1 | Reached XP level 18. HP: 86/98 MP: 34/34
 28401 | Vaults:1 | Received a gift from Okawaru
 28425 | Vaults:1 | Got a bloodstained demon blade {god gift}
 28427 | Vaults:1 | Identified the +2 demon blade of the Shrike {elec, rPois Dex+5} (Okawaru gifted it to you on level 1 of the Vaults)
 29188 | Vaults:2 | Reached skill level 13 in Fighting
 29325 | Vaults:2 | Received a gift from Okawaru
 30273 | Vaults:3 | Got a bone dagger
 30274 | Vaults:3 | Identified the +2 dagger "Nahamieb" {drain, rC+} (You found it on level 3 of the Vaults)
 30552 | Vaults:3 | Reached XP level 19. HP: 100/105 MP: 35/35
 30578 | Vaults:3 | Found Zogugh's Assorted Antiques.
 30581 | Vaults:3 | Noticed Aizul
 30606 | Vaults:3 | Killed Aizul
 30691 | Vaults:3 | Bought a warped platinum ring for 215 gold pieces
 30691 | Vaults:3 | Bought a scroll of teleportation for 129 gold pieces
 30691 | Vaults:3 | Bought a scroll of teleportation for 129 gold pieces
 30691 | Vaults:3 | Bought a scroll of teleportation for 129 gold pieces
 30698 | Vaults:3 | Identified the ring "Dionitegi" {Fire rPois} (You bought it in a shop on level 3 of the Vaults)
 31151 | Vaults:3 | Found a staircase to the Crypt.
 31195 | Vaults:3 | Received a gift from Okawaru
 31745 | Vaults:3 | Lost mutation: You can translocate small distances at will. [potion of mutation]
 31745 | Vaults:3 | Lost mutation: You tend to lose your temper in combat. [potion of mutation]
 31745 | Vaults:3 | Lost mutation: You have a pair of small antennae on your head. [potion of mutation]
 31745 | Vaults:3 | Gained mutation: You occasionally shout uncontrollably at your foes. [potion of mutation]
 31745 | Vaults:3 | Gained mutation: You have a pair of small horns on your head. [potion of mutation]
 31781 | Vaults:3 | Lost mutation: You have a pair of small horns on your head. [potion of mutation]
 31781 | Vaults:3 | Lost mutation: You occasionally shout uncontrollably at your foes. [potion of mutation]
 31781 | Vaults:3 | Gained mutation: Your magical capacity is low. (-10% MP) [potion of mutation]
 31781 | Vaults:3 | Gained mutation: Your system is resistant to poisons. (rPois) [potion of mutation]
 32411 | Vaults:4 | Noticed Jorgrun
 32439 | Vaults:4 | Killed Jorgrun
 32717 | Vaults:4 | Reached skill level 14 in Fighting
 33626 | Elf:1    | Entered Level 1 of the Elven Halls
 33874 | Elf:1    | Received a gift from Okawaru
 34189 | Elf:1    | Reached XP level 20. HP: 111/111 MP: 32/32
 34387 | Elf:2    | Reached skill level 15 in Short Blades
 34494 | Elf:2    | Found Puqodopo's Jewellery Emporium.
 34758 | Elf:2    | Noticed Nikola
 34775 | Elf:2    | Killed Nikola
 34775 | Elf:2    | Reached skill level 15 in Invocations
 34980 | Elf:2    | Found a huge runed gate.
 34980 | Elf:2    | Found a huge runed gate.
 34980 | Elf:2    | Found a huge runed gate.
 34980 | Elf:2    | Found a huge runed gate.
 34984 | Elf:2    | Found a huge runed gate.
 35033 | Elf:2    | Received a gift from Okawaru
 35048 | Elf:2    | Got an encrusted buckler {god gift}
 35054 | Elf:2    | Identified the +0 buckler of Impatience {rN++ Int+4} (Okawaru gifted it to you on level 2 of the Elven Halls)
 35702 | Elf:3    | Entered Level 3 of the Elven Halls
 35983 | Elf:3    | Noticed Roxanne
 36016 | Elf:3    | Killed Roxanne
 36316 | Elf:3    | Noticed Bai Suzhen
 36356 | Elf:3    | Killed Bai Suzhen
 36379 | Elf:3    | Reached skill level 15 in Stealth
 36399 | Elf:3    | Reached skill level 15 in Fighting
 36647 | Elf:3    | Reached XP level 21. HP: 114/117 MP: 33/33
 36652 | Elf:3    | Learned a level 2 spell: Swiftness
 36662 | Elf:3    | Learned a level 3 spell: Ozocubu's Armour
 36674 | Elf:3    | Identified Easy Magic
 37062 | Lair:1   | Learned a level 3 spell: Portal Projectile
 37067 | Lair:1   | Learned a level 4 spell: Passage of Golubria
 37147 | Snake:1  | Entered Level 1 of the Snake Pit
 37224 | Snake:1  | Received a gift from Okawaru
 37238 | Snake:1  | Reached skill level 1 in Charms
 37254 | Snake:1  | Reached skill level 1 in Hexes
 37369 | Snake:1  | Reached skill level 1 in Air Magic
 37412 | Snake:1  | Reached skill level 1 in Transmutations
 37440 | Snake:1  | Reached skill level 1 in Earth Magic
 37473 | Snake:1  | Reached skill level 1 in Ice Magic
 38546 | Snake:2  | Received a gift from Okawaru
 38554 | Snake:2  | Found the +3 pair of gauntlets of War {Slay+5}
 38705 | Snake:2  | Found an ornate altar of the Wu Jian Council.
 38940 | Snake:3  | Noticed p0werm0de's ghost (adept OpAM)
 39015 | Snake:3  | Killed p0werm0de's ghost
 39368 | Snake:3  | Found Tepuoh's Distillery.
 39370 | Snake:3  | Found Ycoduch's Antique Armour Shop.
 39370 | Snake:3  | Found Muist's Magic Scroll Boutique.
 39378 | Snake:3  | Bought a potion of magic for 160 gold pieces
 39378 | Snake:3  | Bought a potion of magic for 160 gold pieces
 39378 | Snake:3  | Found Ceuming's Antique Weapon Boutique.
 39387 | Snake:3  | Bought an embroidered cloak for 202 gold pieces
 39394 | Snake:3  | Bought a scroll of teleportation for 42 gold pieces
 39394 | Snake:3  | Bought a scroll of blinking for 105 gold pieces
 39394 | Snake:3  | Bought a scroll of identify for 28 gold pieces
 39394 | Snake:3  | Bought a scroll of identify for 28 gold pieces
 39394 | Snake:3  | Bought a scroll of teleportation for 42 gold pieces
 39394 | Snake:3  | Bought a scroll of identify for 28 gold pieces
 39743 | Snake:4  | Entered Level 4 of the Snake Pit
 39808 | Snake:4  | Received a gift from Okawaru
 39881 | Snake:4  | Identified the +3 ring mail of Pantheism {rF+ Regen+ MP+9} (You found it on level 4 of the Snake Pit)
 40436 | Snake:4  | Found Ipha's Distillery.
 40440 | Snake:4  | Bought a potion of mutation for 120 gold pieces
 40440 | Snake:4  | Bought a potion of haste for 150 gold pieces
 40440 | Snake:4  | Bought a potion of haste for 150 gold pieces
 40440 | Snake:4  | Bought a potion of mutation for 120 gold pieces
 40440 | Snake:4  | Lost mutation: Your muscles are strong. (Str +2) [potion of mutation]
 40440 | Snake:4  | Lost mutation: You are resistant to hostile enchantments. (MR+) [potion of mutation]
 40440 | Snake:4  | Gained mutation: You are frail. (-10% HP) [potion of mutation]
 40440 | Snake:4  | Gained mutation: You can translocate small distances at will. [potion of mutation]
 40441 | Snake:4  | Lost mutation: You are frail. (-10% HP) [potion of mutation]
 40441 | Snake:4  | Lost mutation: You can translocate small distances at will. [potion of mutation]
 40441 | Snake:4  | Gained mutation: You passively map a small area around you. [potion of mutation]
 40441 | Snake:4  | Gained mutation: Your mind is acute. (Int +2) [potion of mutation]
 40633 | Snake:4  | Got a serpentine rune of Zot
 40750 | Snake:4  | Received a gift from Okawaru
 40759 | Snake:4  | Reached XP level 22. HP: 122/122 MP: 34/34
 40815 | Snake:4  | Reached skill level 5 in Ice Magic
 40815 | Snake:4  | Reached skill level 5 in Earth Magic
 40823 | Snake:4  | Reached skill level 5 in Transmutations
 41346 | Depths:1 | Entered Level 1 of the Depths
 41359 | Depths:1 | Found a one-way gate to the infinite horrors of the Abyss.
 41541 | Depths:1 | Found Orghuqu's General Store.
 41551 | Depths:1 | Bought the +4 Vampire's Tooth {vamp} for 900 gold pieces
 41551 | Depths:1 | Found the +4 Vampire's Tooth {vamp}
 41695 | Depths:1 | Received a gift from Okawaru
 41751 | Depths:1 | Identified the +0 pair of gloves "Kifunoh" {*Contam MP+9 Str+2} (Okawaru gifted it to you on level 1 of the Depths)
 41965 | Depths:1 | Found a portal to a secret trove of treasure.
 42009 | Depths:1 | Found a gateway to Hell.
 42014 | Depths:1 | Identified the +4 scale mail of Love and Death {rN++} (You found it on level 1 of the Depths)
 42774 | Depths:2 | Reached skill level 10 in Armour
 42818 | Depths:2 | Identified the Volume of the Venomous Arsonist
 42823 | Depths:2 | Learned a level 3 spell: Mephitic Cloud
 42827 | Depths:2 | Learned a level 3 spell: Ignite Poison
 42831 | Depths:2 | Learned a level 3 spell: Conjure Flame
 42834 | Depths:2 | Identified the quicksilver dragon scales of the Arcane {rElec rPois rC- MR+ SInv} (You found it on level 2 of the Depths)
 43094 | Depths:2 | Found The Legendary Nideoz's Legendary Smithy.
 43125 | Depths:2 | Found Zonaucuwk's Slaves and Accessories.
 43139 | Depths:2 | Received a gift from Okawaru
 43250 | Depths:2 | Learned a level 3 spell: Lesser Beckoning
 43311 | Depths:2 | Reached XP level 23. HP: 128/128 MP: 35/35
 43516 | Depths:2 | Reached skill level 16 in Fighting
 43683 | Depths:2 | Found Jack's Jerk-a-riffic Jerky.
 43729 | Depths:2 | Learned a level 6 spell: Invisibility
 43744 | Depths:2 | Found Oledenes's Miraculous Elixirs.
 43889 | Depths:3 | Reached skill level 1 in Conjurations
 43903 | Depths:3 | Reached skill level 1 in Fire Magic
 43973 | Depths:3 | Found a runed gate.
 43973 | Depths:3 | Found a runed gate.
 43973 | Depths:3 | Found a runed gate.
 43976 | Depths:3 | Found a runed gate.
 43976 | Depths:3 | Found a runed gate.
 43976 | Depths:3 | Found a runed gate.
 44046 | Depths:3 | Found a shattered altar of Ashenzari.
 44047 | Depths:3 | Noticed Frederick
 44048 | Depths:3 | Noticed a juggernaut
 44271 | Depths:3 | Killed a juggernaut
 44285 | Depths:3 | Killed Frederick
 44442 | Depths:3 | Received a gift from Okawaru
 44466 | Depths:3 | Found a one-way gate leading to the halls of Pandemonium.
 44558 | Depths:3 | Found a gateway to a bazaar.
 44574 | Bazaar   | Entered a bazaar
 44603 | Bazaar   | Found Puste's General Store.
 44603 | Bazaar   | Found Bakih's General Store.
 44607 | Bazaar   | Bought a scroll of identify for 26 gold pieces
 44613 | Bazaar   | Bought a scroll of identify for 18 gold pieces
 44624 | Bazaar   | Found Buatwo's Book Shoppe.
 44688 | Bazaar   | Bought a manual of Armour for 1214 gold pieces
 44717 | Bazaar   | Bought the ring "Plog" {rPois rC++} for 400 gold pieces
 45223 | Depths:3 | Got an iridescent demon blade
 45224 | Depths:3 | Identified the +5 demon blade of the Slime-mould {freeze, +Inv rC+ MR+} (You found it on level 3 of the Depths)
 45535 | Depths:4 | Reached XP level 24. HP: 135/135 MP: 35/35
 45957 | Depths:4 | Received a gift from Okawaru
 45957 | Depths:4 | Reached skill level 5 in Conjurations
 45960 | Depths:4 | Noticed a caustic shrike
 45987 | Depths:4 | Killed a caustic shrike
 45987 | Depths:4 | Reached skill level 5 in Fire Magic
 45996 | Depths:4 | Noticed a caustic shrike
 45997 | Depths:4 | Noticed a caustic shrike
 46029 | Depths:4 | Killed a caustic shrike
 46046 | Depths:4 | Killed a caustic shrike
 46290 | Depths:4 | Received a gift from Okawaru
 46297 | Depths:4 | Noticed a juggernaut
 46321 | Depths:4 | Killed a juggernaut
 46972 | Depths:5 | Entered Level 5 of the Depths
 47071 | Depths:5 | Found a gateway to a ziggurat.
 47261 | Depths:5 | Reached skill level 17 in Fighting
 47277 | Depths:5 | Reached skill level 15 in Armour
 47452 | Depths:5 | Got a translucent chain mail
 47466 | Depths:5 | Identified the +5 chain mail "Onaed" {rC+ Dex+4} (You found it on level 5 of the Depths)
 47724 | Depths:5 | Received a gift from Okawaru
 47753 | Depths:5 | Reached XP level 25. HP: 99/140 MP: 34/35
 47789 | Depths:5 | Found a gate to the Realm of Zot.
 47817 | Depths:5 | Got a fine hand crossbow {god gift}
 47818 | Depths:5 | Identified the +1 hand crossbow of Discretion {elec, rF+} (Okawaru gifted it to you on level 5 of the Depths)
 48585 | Crypt:1  | Entered Level 1 of the Crypt
 49113 | Crypt:1  | Noticed Sojobo
 49169 | Crypt:1  | Killed Sojobo
 49169 | Crypt:1  | Received a gift from Okawaru
 49184 | Crypt:1  | Learned a level 3 spell: Regeneration
 49250 | Crypt:1  | You fall through a shaft!
 49361 | Crypt:1  | Reached skill level 1 in Necromancy
 49366 | Crypt:1  | Reached skill level 1 in Throwing
 49942 | Crypt:2  | Received a gift from Okawaru
 50047 | Crypt:2  | Received a gift from Okawaru
 50070 | Crypt:2  | Identified the Guide on Freezing Flames
 50470 | Crypt:2  | Reached skill level 5 in Necromancy
 50584 | Crypt:2  | Reached skill level 5 in Throwing
 50662 | Crypt:2  | Reached skill level 5 in Charms
 50884 | Crypt:3  | Entered Level 3 of the Crypt
 51098 | Crypt:3  | Reached XP level 26. HP: 138/146 MP: 35/35
 51206 | Crypt:3  | Found an ancient bone altar of Kikubaaqudgha.
 51206 | Crypt:3  | Noticed an ancient lich
 51222 | Crypt:3  | Killed an ancient lich
 51258 | Crypt:3  | Found the +6 shillelagh "Devastator" {shatter}
 51259 | Crypt:3  | Identified the Guide on Unholy Rituals
 51506 | Crypt:3  | Received a gift from Okawaru
 51676 | Crypt:3  | Found a staircase to the Tomb.
 51822 | Crypt:3  | Got a serpentine lead ring
 51824 | Crypt:3  | Identified the ring "Kecvyziq" {Wiz rElec} (You found it on level 3 of the Crypt)
 52015 | Tomb:1   | Entered Level 1 of the Tomb of the Ancients
 52040 | Tomb:1   | Received a gift from Okawaru
 52261 | Tomb:1   | Received a gift from Okawaru
 52329 | Tomb:1   | Noticed p0werm0de's ghost (veteran MiCK)
 52362 | Tomb:1   | Killed p0werm0de's ghost
 52816 | Vaults:5 | Entered Level 5 of the Vaults
 53095 | Vaults:5 | Received a gift from Okawaru
 53223 | Vaults:5 | Received a gift from Okawaru
 53478 | Vaults:5 | Reached XP level 27. HP: 104/150 MP: 36/37
 53538 | Vaults:5 | Reached skill level 10 in Charms
 53629 | Vaults:5 | Noticed an ancient lich
 53654 | Vaults:5 | Killed an ancient lich
 53654 | Vaults:5 | Received a gift from Okawaru
 53723 | Vaults:5 | Noticed an ancient lich
 53777 | Vaults:5 | Received a gift from Okawaru
 53922 | Vaults:5 | Got a silver rune of Zot
 53932 | Vaults:5 | Identified the Disquisition on Freezing Changing
 53944 | Vaults:5 | Identified the +3 short sword of the Volcano {vamp, *Noise MR- Int+8 Stlth+} (You took it off an ironheart preserver on level 5 of the Vaults)
 53973 | Vaults:5 | Killed an ancient lich
 53986 | Vaults:5 | Learned a level 4 spell: Animate Dead
 54043 | Vaults:5 | Found Taarrath's Distillery.
 54056 | Vaults:5 | Identified the Papyrus of Companions
 54201 | Vaults:5 | Identified the Incunabulum of Poisoning
 55830 | Tomb:1   | Noticed a greater mummy
 55868 | Tomb:1   | Killed a greater mummy
 55868 | Tomb:1   | Reached skill level 15 in Spellcasting
 56325 | Hell     | Entered the Vestibule of Hell
 56325 | Hell     | Noticed Geryon
 56424 | Hell     | Killed Geryon
 56567 | Zig:1    | Entered Level 1 of a ziggurat
 56588 | Zig:2    | Entered Level 2 of a ziggurat
 56618 | Zig:3    | Entered Level 3 of a ziggurat
 56656 | Zig:3    | Reached skill level 10 in Shields
 56664 | Zig:4    | Entered Level 4 of a ziggurat
 56731 | Zig:5    | Entered Level 5 of a ziggurat
 56736 | Zig:5    | Found the amulet of the Air {Inacc +Fly rElec EV+5 RMsl}
 56779 | Zig:6    | Entered Level 6 of a ziggurat
 56795 | Zig:6    | Reached skill level 18 in Fighting
 56841 | Zig:6    | Identified the ring of Winimain {rPois rF+ rC+ Slay-3} (You found it on level 6 of a ziggurat)
 56843 | Zig:6    | Identified the cursed +2 scimitar "Ukhasas" {pain, -Tele rPois Str+3 Dex+4} (You found it on level 6 of a ziggurat)
 56850 | Zig:7    | Entered Level 7 of a ziggurat
 56891 | Zig:7    | Received a gift from Okawaru
 56907 | Zig:7    | Reached skill level 19 in Fighting
 56912 | Zig:7    | Identified the +3 dagger "Eteuqoul" {speed, Stlth+} (Okawaru gifted it to you on level 7 of a ziggurat)
 56927 | Zig:7    | Identified the ring of Xawkeipn {*Contam rPois rF+ AC+3 Int+3} (You found it on level 7 of a ziggurat)
 56945 | Zig:8    | Entered Level 8 of a ziggurat
 57062 | Zig:9    | Entered Level 9 of a ziggurat
 57069 | Zig:9    | Noticed Icziocs the pandemonium lord
 57114 | Zig:9    | Noticed Wuhetao the pandemonium lord
 57118 | Zig:9    | Killed Icziocs the pandemonium lord
 57118 | Zig:9    | Reached skill level 20 in Fighting
 57136 | Zig:9    | Killed Wuhetao the pandemonium lord
 57139 | Zig:9    | Received a gift from Okawaru
 57174 | Zig:9    | Found the +9 sword of Zonguldrok {reap}
 57181 | Zig:9    | Identified the +4 plate armour "Qubynk" {Str+5} (You found it on level 9 of a ziggurat)
 57211 | Zig:9    | Identified the +11 plate armour of Xooximam {Str+3} (You found it on level 9 of a ziggurat)
 57252 | Zig:10   | Entered Level 10 of a ziggurat
 57401 | Zot:1    | Entered Level 1 of the Realm of Zot
 57407 | Zot:1    | Received a gift from Okawaru
 57427 | Zot:1    | Reached skill level 21 in Fighting
 57598 | Zot:1    | Noticed an orb of fire
 57622 | Zot:1    | Killed an orb of fire
 57703 | Zot:1    | Received a gift from Okawaru
 58111 | Zot:1    | Reached skill level 22 in Fighting
 58222 | Zot:1    | Received a gift from Okawaru
 58273 | Zot:1    | Reached skill level 1 in Evocations
 58606 | Zot:2    | Received a gift from Okawaru
 58661 | Zot:2    | Reached skill level 5 in Evocations
 58894 | Zot:2    | Killed from afar by a black draconian

Vault maps used:
D:1:      zelgadis_glass_arrival_small
D:2:      lightli_temple_of_fire, chequers_temple_overflow_minitemple,
          minmay_stone_trees_medium, grunt_ministairs_15
D:3:      lemuel_doored_altar, first_bread, uniq_robin
D:4:      serial_shops, shop, kennysheep_cross_room, hex_large, st_stairs_8
D:5:      serial_shops, kennysheep_mini_moat, grunt_ministairs_6
D:6:      minmay_temple_entry_hall, tso_metal_star, uniq_sigmund,
          uniq_prince_ribbit1
D:7:      basic_altar, the_bakery, grunt_ministairs_8,
          nicolae_ru_the_path_less_chosen
D:8:      minmay_lair_entry_lava, serial_shops, nicolae_shop_statue_plus,
          uniq_psyche
D:9:      regret_index_temple_of_mockery, basic_altar, uniq_pikel
D:11:     serial_co_window_serial, co_window_corner_a,
          co_window_of_opportunity_a, co_window_paths_b, co_window_paths_b,
          co_window_paths_a, co_window_paths_b, co_window_corner_a,
          co_window_2corner, co_window_2corner, co_window_corner_b,
          okawaru_humans, uniq_fannar
D:12:     orc_0_dummy, serial_undead, serial_undead_b, serial_undead_a,
          serial_undead_f, serial_undead_f, uniq_frances
D:13:     basic_altar, uniq_rupert, uniq_azrael, uniq_josephine, uniq_snorg
D:14:     david_vaults_5, serial_glass, glass_columns_c, glass_columns_c
D:15:     gammafunk_enter_depths_forms, minmay_crystal_room
Temple:   regret_index_temple_waves
Lair:1:   basic_altar
Lair:2:   cheibrodos_lair_lostbears, serial_bayou_shore_a,
          infiniplex_staircase_pool, grunt_megastairs_2, uniq_sonja
Lair:3:   swamp_mist_pool, minmay_lair_oklob_chamber
Lair:4:   guppyfry_snake_entry_island, kennysheep_rathole, lemuel_fruit_tree,
          grunt_megastairs_5, lemuel_fruit_fields
Lair:5:   portal_ice_cave_entry_pillars_2, serial_bayou_pond_e,
          serial_bayou_pond_e
Lair:6:   minmay_lair_end_enchanted_forest, minmay_slime_entry_oklob_open,
          guppyfry_lair_drakes, grunt_megastairs_4, serial_bayou_shore_b
Swamp:1:  nicolae_swamp_trees_clearing
Swamp:2:  cheibrodos_swamp_tower_of_moss, infiniplex_staircase_pool_2
Swamp:3:  hangedman_swamp_diagram, swamp_pool4
Swamp:4:  grunt_swamp_rune_castle
Snake:1:  spider_trap, grunt_ministairs_3
Snake:2:  basic_altar
Snake:3:  minmay_shoptagon
Snake:4:  snake_pit, serial_shops, shop, spider_trap, minmay_snake_pond
Orc:1:    enter_bailey_3
Orc:2:    st_orc_rangers, serial_shops, shop
Elf:1:    minmay_elf_crystal_heptagon
Elf:2:    serial_shops, shop, uniq_nikola
Elf:3:    elf_hall_gauntlet_narrow, roderic_lattice_octagonal_star,
          uniq_roxanne, uniq_bai_suzhen
Vaults:1: nicolae_vaults_stairing_the_circle, nicolae_vaults_meeting,
          nicolae_vaults_network_periphery, ontoclasm_vaults_fault,
          hangedman_vaults_maws, hangedman_vaults_cutoff, v_misc_24,
          nicolae_vaults_diagonal_hallway_7, ontoclasm_vaults_loading_screen,
          nicolae_vaults_network_quinsquares, nicolae_vaults_shelves_hall
Vaults:2: v_alt_pattern_1, v_alt_pattern_2, nicolae_vaults_display_case,
          ontoclasm_vaults_decontamination, grunt_vaults_bifocal,
          grunt_vaults_focal, vaults_room_hallway, v_rooms_4, vaults_dpeg_doors
Vaults:3: v_misc_17, nicolae_vaults_diagonal_hallway_6, grunt_vaults_funnel,
          nicolae_vaults_specimen_jars, v_misc_4,
          minmay_crypt_entry_simple_sparse, vaults_dpeg_diagonal,
          vaults_standard_mumra_x, nicolae_vaults_angled_halls,
          nicolae_vaults_three_branches, serial_shops,
          nicolae_shop_overgrown_old_shop, uniq_aizul
Vaults:4: vaults_room_ringed_pool, nicolae_vaults_little_squares_3, st_lines,
          vaults_room_large_hall, vaults_room_pools, ontoclasm_vaults_twist,
          hangedman_vaults_slice, nicolae_vaults_little_ls, vaults_dpeg_ring,
          vaults_room_stairs_pillars, vaults_mumra_hex, v_misc_16, uniq_jorgrun
Crypt:1:  grunt_crypt_arrival_split, uniq_sojobo
Crypt:2:  hangedman_screamer, st_burial_chamber
Crypt:3:  cryptofortress_bobbens
Depths:1: nicolae_trove_entry_free_sample, abyss_entry, serial_shops, shop,
          kennysheep_big_empty_room, hell_entry, lemuel_flames_and_gold
Depths:2: grated_community_mu, hangedman_decor_opposing, hell_entry,
          minmay_checkered_concentric_circles
Depths:3: kennysheep_ogre_elephant_herders, rand_demon_pan_entry_5,
          evilmike_ruin_ashenzari, serial_shops, statue_bzr,
          pf_dread_powers_of_hell, brannock_guarded_unrand_thermic_engine,
          uniq_frederick
Depths:4: hangedman_cross_veins, grunt_pan_entry_spiral, hell_entry,
          infiniplex_staircase_zigzag_4, abyss_entry_glasseish
Depths:5: grunt_zot_entry_bicorn, enter_ziggurat_a, moated_statue,
          hangedman_coc_ice_floe, serial_bayou_shore_b
Zot:1:    lemuel_halls_of_wrath
Zot:2:    grunt_ministairs_15
Zig:2:    ziggurat_pillar_centre_c
Zig:9:    ziggurat_pillar_centre_dead_trees
Bazaar:   bazaar_long_row
Bailey:   bailey_axe_3, bailey
IceCv:    ice_cave_small_giant

Skill      XL: |  1  2  3  4  5  6  7  8  9 10 11 12 13 14 15 16 17 18 19 20 21 22 23 24 25 26 27 |
---------------+----------------------------------------------------------------------------------+-----
Stealth        | 2 3 4 5 6 7 10 11 13 15 18 19 | 19.6
Short Blades   | 2 3 4 6 7 9 10 11 13 14 15 | 15.7
Fighting       | 3 4 5 6 7 9 10 12 13 14 15 16 17 22 | 22.2
Dodging        | 1 2 3 4 5 7 9 |  9.5
Armour         | 3 4 7 10 12 15 | 15.1
Invocations    | 3 5 6 8 10 12 13 14 15 16 17 18 | 18.4
Shields        | 3 5 6 8 9 10 | 10.2
Translocations | 3 6 7 9 |  9.5
Spellcasting   | 4 5 9 11 13 15 | 15.1
Summonings     | 3 7 |  7.6
Charms         | 4 6 9 12 | 12.7
Hexes          | 4 |  4.9
Air Magic      | 4 |  4.8
Transmutations | 4 5 |  5.0
Earth Magic    | 4 5 |  5.0
Ice Magic      | 4 5 |  5.0
Conjurations   | 4 6 |  6.1
Fire Magic     | 4 6 |  6.0
Necromancy     | 6 7 |  7.3
Throwing       | 6 |  6.7
Evocations     | 7 |  7.3

Action                   |  1- 3 |  4- 6 |  7- 9 | 10-12 | 13-15 | 16-18 | 19-21 | 22-24 | 25-27 || total
-------------------------+-------+-------+-------+-------+-------+-------+-------+-------+-------++-------
Melee: Short sword       |    63 |   123 |   291 |   803 |    24 |       |       |       |       ||  1304
       Rapier            |     4 |       |       |       |       |       |       |       |       ||     4
       Bite              |    11 |    29 |    93 |   404 |   568 |   764 |   931 |  1177 |  1858 ||  5835
       Headbutt          |    10 |    25 |    16 |       |       |       |       |       |       ||    51
       Dagger            |       |       |    20 |    50 |       |       |       |    10 |       ||    80
       Quick blade       |       |       |       |       |  1208 |  1366 |  1766 |  1850 |  2771 ||  8961
       Double sword      |       |       |       |       |    12 |   118 |       |       |       ||   130
 Fire: Longbow           |       |       |       |       |    23 |    33 |       |       |       ||    56
Throw: Tomahawk          |       |       |       |     2 |     2 |       |       |       |       ||     4
       Javelin           |       |       |       |       |       |     3 |     4 |       |    14 ||    21
 Cast: Blink             |       |       |       |       |     3 |       |     3 |     2 |     1 ||     9
       Apportation       |       |       |       |       |     4 |       |     1 |       |       ||     5
       Swiftness         |       |       |       |       |       |       |     1 |       |     2 ||     3
       Regeneration      |       |       |       |       |       |       |       |       |    20 ||    20
       Lesser Beckoning  |       |       |       |       |       |       |       |       |    32 ||    32
Invok: Heroism           |       |       |       |    11 |    20 |    15 |    14 |    12 |    15 ||    87
       Finesse           |       |       |       |     1 |     6 |     5 |     6 |     7 |     7 ||    32
Evoke: Wand              |       |       |       |       |    15 |     1 |     1 |     6 |     2 ||    25
  Use: Scroll            |     8 |     4 |     7 |    13 |    15 |     7 |    16 |    20 |    32 ||   122
       Potion            |     1 |       |       |     1 |     6 |     5 |    12 |       |    17 ||    42
 Stab: Sleeping          |       |     4 |    15 |    17 |    58 |    35 |    56 |     8 |    35 ||   228
       Distracted        |       |       |     1 |     2 |     5 |     2 |     3 |     6 |     6 ||    25
       Confused          |       |       |       |     1 |       |     1 |       |       |       ||     2
       Paralysed         |       |       |       |     1 |       |       |       |       |       ||     1
       Invisible         |       |       |       |       |       |       |     5 |       |       ||     5
  Eat: Chunk             |       |     6 |    16 |    14 |    10 |     4 |     4 |     4 |       ||    58
       Fruit             |       |       |       |     4 |    31 |     7 |     7 |     6 |     6 ||    61
       Royal jelly       |       |       |       |       |       |     9 |     4 |     2 |     6 ||    21
       Bread ration      |       |       |       |       |       |     1 |     1 |     1 |     1 ||     4
       Meat ration       |       |       |       |       |       |       |     1 |     2 |     4 ||     7
Armor: Scale mail        |    21 |    16 |       |       |       |       |       |       |       ||    37
       Leather armour    |       |     6 |    39 |    18 |       |       |       |       |       ||    63
       Troll leather arm |       |       |       |    41 |    63 |       |       |       |       ||   104
       Ring mail         |       |       |       |       |    23 |   147 |   281 |   206 |   226 ||   883
       Chain mail        |       |       |       |       |       |       |       |    11 |    10 ||    21
       Fire dragon scale |       |       |       |       |       |       |       |       |   149 ||   149
       Plate armour      |       |       |       |       |       |       |       |       |   135 ||   135
Dodge: Dodged            |     9 |    15 |    49 |   152 |   228 |   332 |   451 |   353 |   685 ||  2274
       Deflected         |       |       |       |       |     9 |    18 |    86 |    45 |    17 ||   175
Block: Shield            |    24 |    64 |   152 |   327 |   480 |   538 |       |       |       ||  1585
       Reflection        |       |       |     3 |    13 |    30 |    62 |    87 |    81 |    16 ||   292
       Other             |       |       |       |       |     1 |     6 |     1 |       |       ||     8
       Buckler           |       |       |       |       |       |    44 |   558 |   529 |   697 ||  1828
       Rpst.: Double sword |       |       |       |       |       |    13 |       |       |       ||    13

Table legend:
 A = Spawn XP
 B = Non-spawn XP
 C = Spawn XP percentage of total XP
 D = Spawn monster count
 E = Non-spawn monster count
 F = Spawn count percentage of total count
 G = Total turns spent on level
                    A         B        C        D         E        F      G
               +---------+---------+-------+---------+---------+-------+---------
         Total |       0 | 1596707 |   0.0 |       0 |    2505 |   0.0 | 58894
               +---------+---------+-------+---------+---------+-------+---------
           D:1 |       0 |      13 |   0.0 |       0 |       7 |   0.0 |   670
           D:2 |       0 |      37 |   0.0 |       0 |      15 |   0.0 |   716
           D:3 |       0 |     118 |   0.0 |       0 |      31 |   0.0 |   666
           D:4 |       0 |     289 |   0.0 |       0 |      12 |   0.0 |   695
           D:5 |       0 |     507 |   0.0 |       0 |      16 |   0.0 |   501
           D:6 |       0 |    1181 |   0.0 |       0 |      18 |   0.0 |  1083
           D:7 |       0 |    1082 |   0.0 |       0 |      19 |   0.0 |  1136
           D:8 |       0 |    1649 |   0.0 |       0 |      22 |   0.0 |  1030
           D:9 |       0 |    5125 |   0.0 |       0 |      35 |   0.0 |  1329
          D:10 |       0 |    1891 |   0.0 |       0 |      17 |   0.0 |  1262
          D:11 |       0 |    9404 |   0.0 |       0 |      48 |   0.0 |  1746
          D:12 |       0 |   13996 |   0.0 |       0 |      55 |   0.0 |  1945
          D:13 |       0 |   16583 |   0.0 |       0 |      55 |   0.0 |  1419
          D:14 |       0 |   10994 |   0.0 |       0 |      46 |   0.0 |   913
          D:15 |       0 |   26344 |   0.0 |       0 |      51 |   0.0 |  1083
        Lair:1 |       0 |    6212 |   0.0 |       0 |      26 |   0.0 |  1445
        Lair:2 |       0 |    4938 |   0.0 |       0 |      16 |   0.0 |   848
        Lair:3 |       0 |    2792 |   0.0 |       0 |      10 |   0.0 |  1059
        Lair:4 |       0 |    4507 |   0.0 |       0 |      37 |   0.0 |   949
        Lair:5 |       0 |    2135 |   0.0 |       0 |      11 |   0.0 |   663
        Lair:6 |       0 |   21439 |   0.0 |       0 |      92 |   0.0 |  1498
       Swamp:1 |       0 |    5940 |   0.0 |       0 |      20 |   0.0 |   590
       Swamp:2 |       0 |    7591 |   0.0 |       0 |      16 |   0.0 |   876
       Swamp:3 |       0 |   13478 |   0.0 |       0 |      39 |   0.0 |  1084
       Swamp:4 |       0 |   32607 |   0.0 |       0 |      61 |   0.0 |   890
       Snake:1 |       0 |   17407 |   0.0 |       0 |      31 |   0.0 |  1131
       Snake:2 |       0 |   21687 |   0.0 |       0 |      43 |   0.0 |   766
       Snake:3 |       0 |   23512 |   0.0 |       0 |      45 |   0.0 |   749
       Snake:4 |       0 |   47822 |   0.0 |       0 |      79 |   0.0 |  1294
         Orc:1 |       0 |    4443 |   0.0 |       0 |      44 |   0.0 |   738
         Orc:2 |       0 |    8197 |   0.0 |       0 |      72 |   0.0 |  1052
         Elf:1 |       0 |   23868 |   0.0 |       0 |      37 |   0.0 |   790
         Elf:2 |       0 |   37586 |   0.0 |       0 |      47 |   0.0 |  1341
         Elf:3 |       0 |   54464 |   0.0 |       0 |      48 |   0.0 |  1130
      Vaults:1 |       0 |   62570 |   0.0 |       0 |      81 |   0.0 |  2185
      Vaults:2 |       0 |   26847 |   0.0 |       0 |      40 |   0.0 |  1372
      Vaults:3 |       0 |   37825 |   0.0 |       0 |      60 |   0.0 |  1975
      Vaults:4 |       0 |   35534 |   0.0 |       0 |      49 |   0.0 |  1333
      Vaults:5 |       0 |  156276 |   0.0 |       0 |     142 |   0.0 |  1768
       Crypt:1 |       0 |   35868 |   0.0 |       0 |      44 |   0.0 |  1244
       Crypt:2 |       0 |   64562 |   0.0 |       0 |      91 |   0.0 |  1256
       Crypt:3 |       0 |   65152 |   0.0 |       0 |      88 |   0.0 |  1368
        Tomb:1 |       0 |   49937 |   0.0 |       0 |      60 |   0.0 |   737
      Depths:1 |       0 |   46115 |   0.0 |       0 |      66 |   0.0 |  1048
      Depths:2 |       0 |   77574 |   0.0 |       0 |     100 |   0.0 |  1563
      Depths:3 |       0 |   94731 |   0.0 |       0 |     101 |   0.0 |  1373
      Depths:4 |       0 |   83853 |   0.0 |       0 |      67 |   0.0 |  1596
      Depths:5 |       0 |   79468 |   0.0 |       0 |      73 |   0.0 |  1133
          Hell |       0 |   11023 |   0.0 |       0 |       9 |   0.0 |   104
         Zot:1 |       0 |   89973 |   0.0 |       0 |      68 |   0.0 |  1115
         Zot:2 |       0 |   38269 |   0.0 |       0 |      20 |   0.0 |   378
         Zig:1 |       0 |    1283 |   0.0 |       0 |       2 |   0.0 |    21
         Zig:2 |       0 |    1714 |   0.0 |       0 |       5 |   0.0 |    30
         Zig:3 |       0 |    3161 |   0.0 |       0 |       7 |   0.0 |    46
         Zig:4 |       0 |    5265 |   0.0 |       0 |       3 |   0.0 |    67
         Zig:5 |       0 |    7174 |   0.0 |       0 |       5 |   0.0 |    48
         Zig:6 |       0 |    9771 |   0.0 |       0 |       7 |   0.0 |    71
         Zig:7 |       0 |   19417 |   0.0 |       0 |       8 |   0.0 |    95
         Zig:8 |       0 |   13626 |   0.0 |       0 |      11 |   0.0 |   117
         Zig:9 |       0 |   33219 |   0.0 |       0 |      10 |   0.0 |   190
        Zig:10 |       0 |    5633 |   0.0 |       0 |      15 |   0.0 |   125
        Bailey |       0 |    1396 |   0.0 |       0 |      16 |   0.0 |   319
         IceCv |       0 |    9633 |   0.0 |       0 |      36 |   0.0 |   768
               +---------+---------+-------+---------+---------+-------+---------
